 Dungeon Crawl Stone Soup version 0.24.0-125-gc4c63601f3 (console) character file.

Game seed: 12934184937322696777, levelgen mode: deterministic

30 Kagalorn the Magician (level 3, -1/25 HPs)
             Began as a Gnoll Wanderer on Mar 5, 2020.
             Slain by a goblin (3 damage)
             ... led by Robin
             ... on level 2 of the Dungeon.
             The game lasted 00:02:50 (1314 turns).

Kagalorn the Magician (Gnoll Wanderer)              Turns: 1314, Time: 00:02:51

Health: -1/25      AC:  2    Str: 16    XL:     3   Next: 20%
Magic:  11/11      EV: 11    Int: 12    God:
Gold:   83         SH:  5    Dex: 15    Spells: 16/16 levels left

rFire    . . .     SeeInvis .   a - +0 war axe
rCold    . . .     Gourm    .   c - +0 buckler
rNeg     . . .     Faith    .   d - +0 robe
rPois    .         Spirit   .   (no helmet)
rElec    .         Reflect  .   (no cloak)
rCorr    .         Harm     .   (no gloves)
MR       .....                  (no boots)
Stlth    ++........             (no amulet)
HPRegen  0.08/turn              (no ring)
MPRegen  0.12/turn              (no ring)

@: no status effects
A: distributed training, fangs 1, strong nose
a: no special abilities


You were on level 2 of the Dungeon.
You were very hungry.

You visited 1 branch of the dungeon, and saw 2 of its levels.

You collected 83 gold pieces.

Inventory:

Hand Weapons
 a - a +0 war axe (weapon)
 o - a +0 hand axe
Missiles
 g - 69 stones (quivered)
Armour
 c - a +0 buckler (worn)
 d - a +0 robe (worn)
Jewellery
 n - an uncursed ring of fire {unknown}
Scrolls
 h - a scroll of blinking {unknown}
 i - a scroll of identify {unknown}
 j - 2 scrolls of remove curse {unknown}
 m - a scroll of random uselessness {unknown}
Potions
 b - a potion of might {unknown}
 e - 2 potions of flight {unknown}
 k - a potion of haste {unknown}
 l - a potion of lignification {unknown}
Comestibles
 f - 5 rations


   Skills:
 + Level 0.6 Fighting
 + Level 0.6 Short Blades
 + Level 0.6 Long Blades
 + Level 0.6 Axes
 + Level 0.6 Maces & Flails
 + Level 0.6 Polearms
 + Level 0.6 Staves
 + Level 0.6 Slings
 + Level 0.6 Bows
 + Level 0.6 Crossbows
 + Level 0.6 Throwing
 + Level 0.6 Armour
 + Level 0.6 Dodging
 + Level 0.6 Stealth
 + Level 4.5 Shields
 + Level 0.6 Unarmed Combat
 + Level 7.1 Spellcasting
 + Level 0.4 Conjurations
 + Level 0.4 Hexes
 + Level 3.7 Charms
 + Level 2.1 Summonings
 + Level 0.4 Necromancy
 + Level 2.1 Translocations
 + Level 0.4 Transmutations
 + Level 0.4 Fire Magic
 + Level 2.1 Ice Magic
 + Level 0.4 Air Magic
 + Level 0.4 Earth Magic
 + Level 0.4 Poison Magic
 + Level 0.8 Invocations
 + Level 0.6 Evocations


You had 16 spell levels left.
You didn't know any spells.
Your spell library contained the following spells:

 Spells                   Type           Power        Failure   Level  Hunger
 Summon Small Mammal      Summ           #...         7%          1    None
 Call Imp                 Summ           #.......     11%         2    #......
 Sandblast                Erth           #.....       13%         1    None
 Call Canine Familiar     Summ           #.......     21%         3    ###....
 Summon Guardian Golem    Hex/Summ       #.......     28%         3    ###....
 Stone Arrow              Conj/Erth      #.....       36%         3    ###....
 Summon Ice Beast         Ice/Summ       #.......     56%         4    ####...
 Summon Lightning Spire   Summ/Air       #.......     67%         4    ####...


Dungeon Overview and Level Annotations

Branches:
Dungeon (2/15)

Altars:


Innate Abilities, Weirdness & Mutations

Your experience applies equally to all skills.
You have very sharp teeth.
Your uncanny sense of smell can sniff out nearby items.


Message History

The ooze is almost dead.
The ooze hits you.
* * * LOW HITPOINT WARNING * * *
You slash the ooze!
You kill the ooze!
You closely miss the goblin. The goblin barely misses you. The goblin hits you.
* * * LOW HITPOINT WARNING * * *
You hit the goblin. You bite the goblin, but do no damage.
The goblin is heavily wounded.
You block the goblin's attack.
You barely miss the goblin.
The goblin is heavily wounded.
The goblin hits you.
* * * LOW HITPOINT WARNING * * *
The goblin hits you.
* * * LOW HITPOINT WARNING * * *
You hit the goblin but do no damage. Your bite misses the goblin.
The goblin is heavily wounded.
The goblin hits you.
You die...

... ######## .. ##......## # #.
##........## ##.###.####
#..........# #.........#
#..........# #.........#
#..........# ......[...#
#..........#
##........#######..........#
#........[...gg@.........##
#........########........#######
.........)# #...........#....
.#.........# #................
#####..##..>. #................
#..# ###...#........<....... ##.
#.#................ #.
...>............. #.
...^............


You could see 2 goblins.

Vanquished Creatures
  An ooze (D:2)
  A worm (D:1)
  A dart slug (D:1)
  A leopard gecko (D:1)
  2 giant cockroaches
  2 jackals (D:1)
  2 bats
  A frilled lizard (D:1)
  4 goblins
  3 kobolds (D:1)
  2 rats (D:1)
20 creatures vanquished.

Notes
Turn   | Place    | Note
-------+----------+-------------------------------------------
     0 | D:1      | Kagalorn the Gnoll Wanderer began the quest for the Orb.
     0 | D:1      | Kagalorn set off with the following items: a +0 club, a +0
                  | buckler, a +0 robe, a ration; and the following spells
                  | available to memorise: Summon Small Mammal, Call Imp,
                  | Sandblast, Call Canine Familiar, Summon Guardian Golem,
                  | Stone Arrow, Summon Ice Beast, Summon Lightning Spire
     0 | D:1      | Reached XP level 1. HP: 13/13 MP: 8/8
   680 | D:1      | Reached XP level 2. HP: 19/19 MP: 10/10
  1299 | D:2      | Reached XP level 3. HP: 16/25 MP: 11/11
  1314 | D:2      | Slain by a goblin

Levels and vault maps discovered:
D:1:      dpeg_arrival_tiny_e, layout_loops_ring
D:2:      layout_rooms, kennysheep_generic_room_15, uniq_natasha, uniq_robin

Skill      XL: |  1 |
---------------+----+-----
Summonings     | 2 |  2.1
Translocations | 2 |  2.1
Ice Magic      | 2 |  2.1
Fighting       | |  0.6
Short Blades   | |  0.6
Long Blades    | |  0.6
Axes           | |  0.6
Maces & Flails | |  0.6
Polearms       | |  0.6
Staves         | |  0.6
Slings         | |  0.6
Bows           | |  0.6
Crossbows      | |  0.6
Throwing       | |  0.6
Armour         | |  0.6
Dodging        | |  0.6
Stealth        | |  0.6
Shields        | |  4.5
Unarmed Combat | |  0.6
Spellcasting   | |  7.1
Conjurations   | |  0.4
Hexes          | |  0.4
Charms         | |  3.7
Necromancy     | |  0.4
Transmutations | |  0.4
Fire Magic     | |  0.4
Air Magic      | |  0.4
Earth Magic    | |  0.4
Poison Magic   | |  0.4
Invocations    | |  0.8
Evocations     | |  0.6

Action                   || total
-------------------------++-------
Melee: Unarmed           ||    32
       Hand axe          ||    35
       Bite              ||    11
       War axe           ||    21
 Stab: Sleeping          ||     2
Armor: Robe              ||    19
Dodge: Dodged            ||    47
Block: Buckler           ||    19
